A- SE
LAKELAND FLYING TIGERS @ FORT MYERS MIGHTY MUSSELS
07/03/2041
 
TOP OF THE 1ST
Lakeland Flying Tigers batting - Pitching for Fort Myers Mighty Mussels : LHP Lúcio Suárez
Pitching: LHP Lúcio Suárez
Batting: RHB José Peña 0-0: Foul Ball, location: 23FF
0-1: Swinging Strike
0-2: Ball
1-2: SINGLE (Groundball, 4MD, EV 98.1 MPH)
Batting: RHB Jerry Jarvis 0-0: Called Strike
José Peña steals 2nd base
0-1: Hit by Pitch
Batting: RHB Jim Anderson 0-0: Ball
1-0: Called Strike
1-1: Ball
2-1: Ground out 5-3 (Groundball, 56S, EV 67.5 MPH)
José Peña to third
Jerry Jarvis to second
Batting: RHB Dave Stratford 0-0: Ball
1-0: Ball
2-0: Ball
3-0: Called Strike
3-1: Foul Ball, location: 2F
3-2: Base on Balls
Batting: RHB Ghassan Umair 0-0: Called Strike
0-1: Swinging Strike
0-2: Strikes out swinging
Batting: RHB Cristo Navarro 0-0: Called Strike
0-1: Ball
1-1: Ball
2-1: Foul Ball, location: 25F
2-2: Ball
3-2: Base on Balls
José Peña scores
Jerry Jarvis to third
Dave Stratford to second
Batting: RHB José Ramos 0-0: Ball
1-0: Ball
2-0: Ground out U3 (Groundball, 34, EV 77.5 MPH)
Top of the 1st over - 1 run, 1 hit, 0 errors, 3 left on base; Lakeland 1 - Fort Myers 0
BOTTOM OF THE 1ST
Fort Myers Mighty Mussels batting - Pitching for Lakeland Flying Tigers : LHP Juan Pérez
Pitching: LHP Juan Pérez
Batting: RHB Greg Adkins 0-0: Ball
1-0: Ball
2-0: Bunt for hit to 13S - play at first, batter safe!
Batting: RHB Luis Sánchez 0-0: Ball
1-0: Ball
2-0: Ball
3-0: Base on Balls
Greg Adkins to second
Batting: RHB Bernie Davis 0-0: Ball
Wild Pitch!
Greg Adkins to third
Luis Sánchez to second
1-0: Called Strike
1-1: Foul Ball, location: 3SF
1-2: Foul Ball, location: 5F
1-2: Fly out, F7 (Flyball, 7, EV 83.8 MPH)
Batting: RHB Chris McAllister 0-0: Swinging Strike
0-1: Ball
1-1: Swinging Strike
1-2: Foul Ball, location: 9LDF
1-2: Ball
2-2: Foul Ball, location: 3FF
2-2: SINGLE (Groundball, 6S, EV 68.8 MPH) (infield hit)
Greg Adkins scores
Luis Sánchez to third
Batting: RHB Steve Walton 0-0: Ball
1-0: Foul Ball, location: 7LSFF
1-1: Ball
2-1: Foul Ball, location: 2F
2-2: Foul Ball, location: 2F
2-2: Foul Ball, location: 9LMF
2-2: SINGLE (Groundball, 4MD, EV 95.6 MPH)
Luis Sánchez scores
Chris McAllister to second
Batting: LHB Tony Rivas 0-0: Foul Ball, location: 7LMF
0-1: Ball
1-1: DOUBLE (Flyball, 78D, EV 109.4 MPH)
Chris McAllister scores
Steve Walton to third
Runner from 3rd tries for Home, SAFE, throw by LF to trailing runner, SAFE at third!
Batting: SHB Juan Gallegos 0-0: SINGLE (Line Drive, 8RS, EV 94.4 MPH)
Tony Rivas scores
Batting: RHB Ric Hall 0-0: Ball
1-0: Ball
2-0: Ball
3-0: Called Strike
3-1: Base on Balls
Juan Gallegos to second
Batting: RHB Ron Mitchell 0-0: Ball
1-0: Ball
2-0: Ball
3-0: Base on Balls
Juan Gallegos to third
Ric Hall to second
Batting: RHB Greg Adkins 0-0: Grounds into fielders choice 5-2 (Groundball, 56, EV 98.1 MPH)
Ric Hall to third
Ron Mitchell to second
Batting: RHB Luis Sánchez 0-0: Ball
1-0: Swinging Strike
1-1: Ball
2-1: Foul Ball, location: 3FF
2-2: Strikes out swinging
Bottom of the 1st over - 5 runs, 5 hits, 0 errors, 3 left on base; Lakeland 1 - Fort Myers 5
TOP OF THE 2ND
Lakeland Flying Tigers batting - Pitching for Fort Myers Mighty Mussels : LHP Lúcio Suárez
Batting: RHB Álex Morán 0-0: Ground out U3 (Groundball, 34, EV 86.9 MPH)
Batting: RHB Josh Webb 0-0: Called Strike
0-1: Called Strike
0-2: Ball
1-2: Foul Ball, location: 9LDF
1-2: Strikes out looking
Batting: RHB José Peña 0-0: Called Strike
0-1: Ball
1-1: Ball
2-1: Ball
3-1: Swinging Strike
3-2: Base on Balls
Batting: RHB Jerry Jarvis 0-0: Called Strike
0-1: SINGLE (Line Drive, 8LS, EV 98.8 MPH)
José Peña to second
Batting: RHB Jim Anderson 0-0: Ball
1-0: Called Strike
1-1: Ball
2-1: Foul Ball, location: 2F
2-2: Foul Ball, location: 5F
2-2: Ball
3-2: Fly out, F8 (Flyball, 8RM, EV 84.4 MPH)
Top of the 2nd over - 0 runs, 1 hit, 0 errors, 2 left on base; Lakeland 1 - Fort Myers 5
BOTTOM OF THE 2ND
Fort Myers Mighty Mussels batting - Pitching for Lakeland Flying Tigers : LHP Juan Pérez
Batting: RHB Bernie Davis 0-0: Called Strike
0-1: Called Strike
0-2: Ball
1-2: Strikes out swinging
Batting: RHB Chris McAllister 0-0: Called Strike
0-1: Ball
1-1: Ground out U3 (Groundball, 34S, EV 69.4 MPH)
Batting: RHB Steve Walton 0-0: Ball
1-0: Ball
2-0: Ball
3-0: Called Strike
3-1: Called Strike
3-2: Foul Ball, location: 5FF
3-2: Base on Balls
Batting: LHB Tony Rivas 0-0: Ball
1-0: Swinging Strike
1-1: Ball
2-1: Fly out, F8 (Flyball, 8LD, EV 101.9 MPH)
Bottom of the 2nd over - 0 runs, 0 hits, 0 errors, 1 left on base; Lakeland 1 - Fort Myers 5
TOP OF THE 3RD
Lakeland Flying Tigers batting - Pitching for Fort Myers Mighty Mussels : LHP Lúcio Suárez
Batting: RHB Dave Stratford 0-0: SINGLE (Line Drive, 3D, EV 95.6 MPH)
Batting: RHB Ghassan Umair 0-0: Called Strike
0-1: Ball
1-1: Grounds into double play, 6-4-3 (Groundball, 56, EV 90.6 MPH)
Batting: RHB Cristo Navarro 0-0: Fly out, F3 (Popup, 34, EV 78.1 MPH)
Top of the 3rd over - 0 runs, 1 hit, 0 errors, 0 left on base; Lakeland 1 - Fort Myers 5
BOTTOM OF THE 3RD
Fort Myers Mighty Mussels batting - Pitching for Lakeland Flying Tigers : LHP Juan Pérez
Batting: SHB Juan Gallegos 0-0: Ball
1-0: Ground out 5-3 (Groundball, 56, EV 91.9 MPH)
Batting: RHB Ric Hall 0-0: Foul Ball, location: 3SF
0-1: Swinging Strike
0-2: Foul Ball, location: 2F
0-2: Ball
1-2: Strikes out swinging
Batting: RHB Ron Mitchell 0-0: Called Strike
0-1: Ball
1-1: Ball
2-1: Swinging Strike
2-2: Fly out, F7 (Flyball, 7, EV 98.1 MPH)
Bottom of the 3rd over - 0 runs, 0 hits, 0 errors, 0 left on base; Lakeland 1 - Fort Myers 5
TOP OF THE 4TH
Lakeland Flying Tigers batting - Pitching for Fort Myers Mighty Mussels : LHP Lúcio Suárez
Batting: RHB José Ramos 0-0: DOUBLE (Line Drive, 9LM, EV 85.6 MPH)
Batting: RHB Álex Morán 0-0: Foul Ball, location: 2LF
0-1: Foul Ball, location: 23F
0-2: Foul Ball, location: 2LF
0-2: Ball
1-2: Strikes out looking
Batting: RHB Josh Webb 0-0: Ball
1-0: Foul Ball, location: 5F
1-1: Ball
2-1: Foul Ball, location: 2F
2-2: Ball
3-2: Ground out 6-3 (Groundball, 6, EV 78.8 MPH)
José Ramos to third
Batting: RHB José Peña 0-0: Swinging Strike
0-1: Fly out, F1 (Line Drive, P, EV 68.8 MPH)
Top of the 4th over - 0 runs, 1 hit, 0 errors, 1 left on base; Lakeland 1 - Fort Myers 5
BOTTOM OF THE 4TH
Fort Myers Mighty Mussels batting - Pitching for Lakeland Flying Tigers : LHP Juan Pérez
Batting: RHB Greg Adkins 0-0: SINGLE (Line Drive, 89M, EV 106.9 MPH)
Batting: RHB Luis Sánchez 0-0: Swinging Strike
0-1: Grounds into double play, 6-4-3 (Groundball, 6, EV 90.6 MPH)
Batting: RHB Bernie Davis 0-0: Ball
1-0: Foul Ball, location: 9LMF
1-1: Called Strike
1-2: Ball
2-2: Strikes out swinging
Bottom of the 4th over - 0 runs, 1 hit, 0 errors, 0 left on base; Lakeland 1 - Fort Myers 5
TOP OF THE 5TH
Lakeland Flying Tigers batting - Pitching for Fort Myers Mighty Mussels : LHP Lúcio Suárez
Batting: RHB Jerry Jarvis 0-0: Ball
1-0: Ball
2-0: Foul Ball, location: 2F
2-1: Ball
3-1: Called Strike
3-2: SOLO HOME RUN (Flyball, 7D, EV 97.5 MPH), Distance : 369 ft
Batting: RHB Jim Anderson 0-0: Swinging Strike
0-1: Called Strike
0-2: Ball
1-2: Foul Ball, location: 2F
1-2: Ball
2-2: Strikes out looking
Pitching: RHP Dan Burch
Batting: RHB Dave Stratford 0-0: Ball
1-0: Ball
2-0: Ball
3-0: Base on Balls
Batting: RHB Ghassan Umair 0-0: Ball
1-0: DOUBLE (Flyball, 9LD, EV 102.5 MPH)
Dave Stratford to third
Batting: RHB Cristo Navarro 0-0: Ball
1-0: Ball
2-0: Ball
3-0: Base on Balls
Batting: RHB José Ramos 0-0: Ball
1-0: Ball
2-0: Fly out, F9 (Flyball, 9S, EV 81.3 MPH)
Batting: SHB Lou Larsen 0-0: Ball
1-0: Swinging Strike
1-1: Ball
2-1: Swinging Strike
2-2: Ball
3-2: SINGLE (Line Drive, 3D, EV 102.5 MPH)
Dave Stratford scores
Ghassan Umair to third
Cristo Navarro to second
Ghassan Umair scores
Cristo Navarro to third
Batting: RHB Josh Webb 0-0: Ball
1-0: Swinging Strike
1-1: Foul Ball, location: 2F
1-2: Foul Ball, location: 2F
1-2: Foul Ball, location: 2F
1-2: Fly out, F8 (Line Drive, 78M, EV 88.8 MPH)
Top of the 5th over - 3 runs, 3 hits, 0 errors, 2 left on base; Lakeland 4 - Fort Myers 5
BOTTOM OF THE 5TH
Fort Myers Mighty Mussels batting - Pitching for Lakeland Flying Tigers : LHP Juan Pérez
Batting: RHB Chris McAllister 0-0: Called Strike
0-1: Foul Ball, location: 2F
0-2: Ball
1-2: Foul Ball, location: 2F
1-2: Ball
2-2: Strikes out swinging
Pitching: RHP Chris Bannatyne
Batting: RHB Steve Walton 0-0: Foul Ball, location: 2F
0-1: Ball
1-1: Swinging Strike
1-2: Foul Ball, location: 9LSF
1-2: Strikes out looking
Batting: LHB Tony Rivas 0-0: Reached on error, E4 (Groundball, 4, EV 79.4 MPH)
Batting: SHB Juan Gallegos 0-0: Ball
1-0: Swinging Strike
1-1: Swinging Strike
1-2: Foul Ball, location: 2F
1-2: Strikes out looking
Bottom of the 5th over - 0 runs, 0 hits, 1 error, 1 left on base; Lakeland 4 - Fort Myers 5
TOP OF THE 6TH
Lakeland Flying Tigers batting - Pitching for Fort Myers Mighty Mussels : RHP Dan Burch
Batting: RHB José Peña 0-0: Ground out U3 (Groundball, 34S, EV 70.0 MPH)
Batting: RHB Jerry Jarvis 0-0: Called Strike
0-1: Called Strike
0-2: Ball
1-2: Ball
2-2: Ball
3-2: Ground out 5-3 (Groundball, 5S, EV 85.6 MPH)
Batting: RHB Jim Anderson 0-0: Called Strike
0-1: Ball
1-1: Ball
2-1: Fly out, F8 (Flyball, 78D, EV 105.6 MPH)
Top of the 6th over - 0 runs, 0 hits, 0 errors, 0 left on base; Lakeland 4 - Fort Myers 5
BOTTOM OF THE 6TH
Fort Myers Mighty Mussels batting - Pitching for Lakeland Flying Tigers : RHP Chris Bannatyne
Batting: RHB Ric Hall 0-0: Fly out, F3 (Popup, 3, EV 79.4 MPH)
Batting: RHB Ron Mitchell 0-0: Ball
1-0: Ball
2-0: Foul Ball, location: 9LSFF
2-1: Foul Ball, location: 2F
2-2: Foul Ball, location: 25F
2-2: Ball
3-2: Strikes out swinging
Batting: RHB Greg Adkins 0-0: Called Strike
0-1: Ground out 2-3 (Groundball, 2L, EV 68.1 MPH)
Bottom of the 6th over - 0 runs, 0 hits, 0 errors, 0 left on base; Lakeland 4 - Fort Myers 5
TOP OF THE 7TH
Lakeland Flying Tigers batting - Pitching for Fort Myers Mighty Mussels : RHP Dan Burch
Batting: RHB Dave Stratford 0-0: Called Strike
0-1: Called Strike
0-2: Ball
1-2: Ball
2-2: Ball
3-2: Base on Balls
Pinch Hitting: SHB Cristóbal Flores 0-0: Ball
1-0: Called Strike
1-1: Swinging Strike
1-2: Ball
2-2: Ball
3-2: Base on Balls
Dave Stratford to second
Batting: RHB Cristo Navarro 0-0: Ball
1-0: Foul Ball, location: 9LMF
1-1: Swinging Strike
1-2: Ball
2-2: Ball
3-2: Foul Ball, location: 5F
3-2: Grounds into double play, 6-4-3 (Groundball, 56, EV 95.6 MPH)
Dave Stratford to third
Pitching: RHP Joe Ross
Batting: RHB José Ramos 0-0: Called Strike
0-1: Called Strike
0-2: Ball
1-2: Ball
2-2: Ball
3-2: Base on Balls
Batting: SHB Lou Larsen 0-0: Called Strike
0-1: Ball
1-1: Foul Ball, location: 5FF
1-2: Ground out 5-3 (Groundball, 56, EV 104.4 MPH)
Top of the 7th over - 0 runs, 0 hits, 0 errors, 2 left on base; Lakeland 4 - Fort Myers 5
BOTTOM OF THE 7TH
Fort Myers Mighty Mussels batting - Pitching for Lakeland Flying Tigers : RHP Chris Bannatyne
Now at 3B: Eric Dixon
Batting: RHB Luis Sánchez 0-0: Ball
1-0: Fly out, F7 (Flyball, 78M, EV 89.4 MPH)
Batting: RHB Bernie Davis 0-0: Ball
1-0: SOLO HOME RUN (Flyball, 7LD, EV 91.3 MPH), Distance : 339 ft
Batting: RHB Chris McAllister 0-0: Called Strike
0-1: Foul Ball, location: 2F
0-2: Strikes out swinging
Batting: RHB Steve Walton 0-0: Ball
1-0: Swinging Strike
1-1: Ball
2-1: DOUBLE (Line Drive, 9LS, EV 92.5 MPH)
Batting: LHB Tony Rivas 0-0: Ball
1-0: Foul Ball, location: 7LDF
1-1: Ball
2-1: Ground out 6-3 (Groundball, 6M, EV 77.5 MPH)
Bottom of the 7th over - 1 run, 2 hits, 0 errors, 1 left on base; Lakeland 4 - Fort Myers 6
TOP OF THE 8TH
Lakeland Flying Tigers batting - Pitching for Fort Myers Mighty Mussels : RHP Joe Ross
Now in CF: Luis Sánchez
Now in RF: Cisco Bautista
Batting: RHB Josh Webb 0-0: Ball
1-0: Foul Ball, location: 3F
1-1: Ball
2-1: Ball
3-1: TRIPLE (Flyball, 89XD, EV 104.4 MPH)
Pinch Hitting: SHB Dan Thomason 0-0: Ball
1-0: Ball
2-0: Ball
3-0: Called Strike
3-1: Called Strike
3-2: Fielders Choice at home, 6-2 (Groundball, 6M, EV 100.0 MPH)
Batting: RHB Jerry Jarvis 0-0: Ball
1-0: Ground out 5-3 (Groundball, 56S, EV 62.5 MPH)
Dan Thomason to second
Batting: RHB Jim Anderson 0-0: Ball
1-0: Called Strike
1-1: Ball
2-1: Swinging Strike
2-2: Ball
3-2: Foul Ball, location: 5FF
3-2: Strikes out swinging
Top of the 8th over - 0 runs, 1 hit, 0 errors, 1 left on base; Lakeland 4 - Fort Myers 6
BOTTOM OF THE 8TH
Fort Myers Mighty Mussels batting - Pitching for Lakeland Flying Tigers : RHP Chris Bannatyne
Now at 2B: Ed Murray
Batting: SHB Juan Gallegos 0-0: Foul Ball, location: 7LSF
0-1: Swinging Strike
0-2: Ball
1-2: Fly out, F9 (Flyball, 9S, EV 85.0 MPH)
Batting: RHB Ric Hall 0-0: Ball
1-0: Foul Ball, location: 2F
1-1: Called Strike
1-2: Strikes out swinging
Batting: RHB Dave McCormick 0-0: Called Strike
0-1: Fly out, F7 (Line Drive, 7, EV 101.3 MPH)
Bottom of the 8th over - 0 runs, 0 hits, 0 errors, 0 left on base; Lakeland 4 - Fort Myers 6
TOP OF THE 9TH
Lakeland Flying Tigers batting - Pitching for Fort Myers Mighty Mussels : RHP Joe Ross
Pitching: RHP Alex Ellison
Batting: RHB Dave Stratford 0-0: Foul Ball, location: 5DF
0-1: Ball
1-1: Swinging Strike
1-2: Foul Ball, location: 9LDF
1-2: Foul Ball, location: 9LDF
1-2: Ball
2-2: DOUBLE (Line Drive, 89XD, EV 110.0 MPH)
Pinch Hitting: LHB Dwayne Polanco 0-0: Ball
1-0: Swinging Strike
1-1: Called Strike
1-2: Ball
2-2: Ball
3-2: Ground out 4-3 (Groundball, 4, EV 93.8 MPH)
Dave Stratford to third
Batting: RHB Cristo Navarro 0-0: Swinging Strike
0-1: Ball
1-1: Ball
2-1: Called Strike
2-2: Strikes out swinging
Batting: RHB José Ramos 0-0: Foul Ball, location: 2F
0-1: Swinging Strike
0-2: Ball
1-2: Ball
2-2: Foul Ball, location: 5FF
2-2: DOUBLE (Line Drive, 7LS, EV 102.5 MPH)
Dave Stratford scores
Batting: SHB Lou Larsen 0-0: Ball
1-0: Foul Ball, location: 2F
1-1: Fly out, F4 (Popup, 34S, EV 80.6 MPH)
Top of the 9th over - 1 run, 2 hits, 0 errors, 1 left on base; Lakeland 5 - Fort Myers 6
Monday, April 1st , 2024 - OOTP Baseball 24.10 Build 82